 Dungeon Crawl Stone Soup version 0.14.0-26-g1682e81 (webtiles) character file.

2925 Heini the Cleaver (level 9, -3/82 HPs)
             Began as a Hill Orc Fighter on Apr 26, 2014.
             Was an Initiate of Okawaru.
             Slain by an orc warrior
             ... wielding a +1,+3 short sword
              (9 damage)
             ... on Level 7 of the Dungeon.
             The game lasted 00:19:38 (5575 turns).

Heini the Cleaver (Hill Orc Fighter)                Turns: 5575, Time: 00:19:38

HP  -3/82        AC 14     Str 27      XL: 9   Next: 56%
MP   9/9         EV  6     Int  8      God: Okawaru [......]
Gold 372         SH 20     Dex 10      Spells:  0 memorised,  8 levels left

rFire  . . .     SeeInvis +     a - +0 war axe
rCold  . . .     Clarity  .     k - +1 chain mail
rNeg   . . .     Conserve .     c - +0 shield
rPois  .         rCorr    .     y - +0 helmet
rElec  .         rRot     .     (no cloak)
SustAb . .       Spirit   .     (no gloves)
rMut   .         Warding  .     (no boots)
Saprov + . .     Stasis   .     (no amulet)
MR     .....                    j - ring of teleport control
                                h - ring of see invisible

@: mighty, not resistant to hostile enchantments, extremely unstealthy
A: molten scales 1, saprovore 1
a: Renounce Religion, Convert to Beogh, Evoke Teleport Control


You were on level 7 of the Dungeon.
You worshipped Okawaru.
Okawaru was noncommittal.
You were hungry.

You visited 2 branches of the dungeon, and saw 8 of its levels.

You collected 372 gold pieces.

Inventory:

Hand weapons
 a - a +0,+0 war axe (weapon)
Missiles
 C - 18 stones (quivered)
Armour
 b - a +0 scale mail
 c - a +0 shield (worn)
 k - a +1 chain mail (worn)
 y - a +0 helmet (worn)
Magical devices
 D - a wand of slowing (9)
Comestibles
 d - 2 meat rations
 o - 2 chokos
 s - 6 bread rations
 t - a snozzcumber
 x - an apple
Scrolls
 e - 4 scrolls of remove curse
 g - 3 scrolls of fear
 l - 2 scrolls of blinking
 p - 2 scrolls of identify
 r - a scroll of enchant weapon I {unknown}
 A - a scroll of teleportation
 B - a scroll of enchant armour
Jewellery
 h - a ring of see invisible (left hand)
 j - a ring of teleport control (right hand)
Potions
 f - a potion of restore abilities
 i - a potion of might
 m - a potion of lignification
 q - a potion of invisibility
 u - 2 potions of curing
 v - 5 potions of magic
 w - a potion of brilliance
 z - a potion of poison
Books
 n - a book of Alchemy

   Spells                             Type                      Level
   Lethal Infusion                    Charms/Necromancy            2
   Sublimation of Blood               Necromancy                   2
   Condensation Shield                Ice                          4
   Petrify                            Transmutation/Earth          4
   Ignite Poison                      Fire/Transmutation           5


   Skills:
 * Level 8.5 Fighting
 * Level 11.1 Axes
 * Level 8.2 Armour
 - Level 3.4 Shields


You had 8 spell levels left.
You didn't know any spells.

Dungeon Overview and Level Annotations

Branches:
Dungeon (7/15)             Temple (1/1) D:6

Altars:
Ashenzari
Cheibriados
Dithmenos
Elyvilon
Fedhas
Kikubaaqudgha
Makhleb
Nemelex Xobeh
Okawaru
Sif Muna
Trog
Vehumet
Xom
Yredelemnul
Zin
The Shining One


Innate Abilities, Weirdness & Mutations

You can tolerate rotten meat.
You are partially covered in molten scales (AC +1).


Message History

The crocodile is almost dead.
You hit the orc warrior but do no damage.
The orc warrior curses repeatedly.
The orc warrior hits you with a short sword.
* * * LOW HITPOINT WARNING * * *
The crocodile bites you but does no damage.
You hit the crocodile but do no damage.
The crocodile is almost dead.
You completely miss the orc warrior.
The orc warrior hits you but does no damage.
You block the crocodile's attack.
You closely miss the orc warrior. You slash the crocodile!
You kill the crocodile!
Okawaru accepts your kill. You block the orc warrior's attack.
The orc throws a dart.
The dart misses you.
Your shield and chain mail prevent you from hitting the orc warrior.
You slash the orc priest!
The orc priest is almost dead.
The orc warrior hits you with a short sword!
You die...

..........########.
... .........g#
...... ........o..#
....... ...........#
....)...
.........go#
.........
.........oo#
#..........
#########.#
#..........
#g########..........
#oo@.....(..........
#.o.................
#...................
#...................
#...................
#...................
#...................
####################


You could see an orc warrior, an orc priest, a gnoll and an orc.

Vanquished Creatures
  The ghost of Frenchkiss the Ruffian, an average TrMo (D:5)
  Grinder (D:3)
  A spriggan (D:7)
  Eustachio (D:5)
  Edmund (D:5)
  2 ice beasts
  A sky beast (D:5)
  An ogre (D:6)
  A phantom (D:5)
  A centaur (D:5)
  A crocodile (D:7)
  A giant frog (D:6)
  2 scorpions
  A yak zombie (D:7)
  A vampire bat (D:5)
  A jelly (D:6)
  An orc priest (D:6)
  3 hounds
  2 worker ants
  9 orc wizards
  8 adders
  Natasha (twice) (D:3)
  2 shadow imps
  A giant mite (D:6)
  An inept feature mimic (D:5)
  3 worms
  An iguana zombie (D:5)
  An adder skeleton (D:6)
  3 fire bats (D:5)
  4 giant eyeballs
  5 giant geckos
  2 oozes (D:2)
  16 orcs
  2 spectral bats (D:5)
  18 bats
  4 bat skeletons
  A bat zombie (D:5)
  5 hobgoblins
  2 jackals (D:5)
  2 quokkas (D:5)
  A ball python (D:1)
  A bat simulacrum (D:5)
  4 giant cockroaches
  6 giant newts
  A gnoll skeleton (D:5)
  13 goblins
  A goblin skeleton (D:5)
  A jackal skeleton (D:4)
  7 kobolds
  9 rats
160 creatures vanquished.

Vanquished Creatures (others)
  Natasha (D:3)
1 creature vanquished.

Grand Total: 161 creatures vanquished

Notes
Turn   | Place    | Note
--------------------------------------------------------------
     0 | D:1      | Heini, the Hill Orc Fighter, began the quest for the Orb.
     0 | D:1      | Reached XP level 1. HP: 19/19 MP: 1/1
   116 | D:1      | Reached XP level 2. HP: 20/27 MP: 2/2
   452 | D:2      | Found a white marble altar of Elyvilon.
   559 | D:2      | Reached skill level 4 in Fighting
   590 | D:2      | Reached XP level 3. HP: 30/33 MP: 3/3
  1026 | D:3      | Noticed Natasha
  1045 | D:3      | Killed Natasha
  1045 | D:3      | Reached XP level 4. HP: 21/41 MP: 4/4
  1285 | D:3      | Noticed Natasha
  1294 | D:3      | Killed Natasha
  1462 | D:3      | Noticed Natasha
  1467 | D:3      | Killed Natasha
  1585 | D:3      | Noticed Grinder
  1588 | D:3      | Paralysed by Grinder for 6 turns
  1597 | D:3      | Killed Grinder
  1597 | D:3      | Reached skill level 5 in Fighting
  1597 | D:3      | Reached skill level 5 in Axes
  1597 | D:3      | Reached skill level 5 in Armour
  1597 | D:3      | Reached XP level 5. HP: 24/48 MP: 5/5
  1597 | D:3      | Reached XP level 6. HP: 28/56 MP: 6/6
  2106 | D:4      | Paralysed by a giant eyeball for 4 turns
  2402 | D:4      | Reached XP level 7. HP: 61/61 MP: 7/7
  2779 | D:5      | Entered Level 5 of the Dungeon
  2790 | D:5      | Noticed Eustachio
  2808 | D:5      | Killed Eustachio
  2808 | D:5      | Reached skill level 6 in Axes
  3076 | D:5      | Reached skill level 7 in Axes
  3099 | D:5      | Reached XP level 8. HP: 49/71 MP: 8/8
  3205 | D:5      | Noticed Edmund
  3205 | D:5      | Noticed Frenchkiss' ghost (average TrMo)
  3225 | D:5      | Killed Edmund
  3225 | D:5      | Reached skill level 8 in Axes
  3233 | D:5      | Killed Frenchkiss' ghost
  3520 | D:5      | Reached skill level 9 in Axes
  3709 | D:5      | Gained mutation: You are partially covered in molten scales (AC +1). [potion of beneficial mutation]
  3906 | D:6      | Reached XP level 9. HP: 70/81 MP: 9/9
  4226 | D:6      | Reached skill level 10 in Axes
  4491 | D:6      | Found a staircase to the Ecumenical Temple.
  4497 | Temple   | Entered the Ecumenical Temple
  4584 | Temple   | Became a worshipper of Warmaster Okawaru
  4649 | D:6      | Paralysed by a giant eyeball for 4 turns
  4656 | D:6      | Paralysed by a giant eyeball for 4 turns
  4708 | D:6      | Paralysed by a giant eyeball for 3 turns
  4714 | D:6      | Paralysed by a giant eyeball for 3 turns
  5539 | D:7      | Reached skill level 11 in Axes
  5575 | D:7      | Slain by an orc warrior

Action                   |  1- 3 |  4- 6 |  7- 9 || total
-------------------------+-------+-------+-------++-------
Melee: War axe           |   119 |    90 |   429 ||   638
Evoke: Wand              |       |       |     1 ||     1
  Use: Scroll            |    11 |     1 |     7 ||    19
       Potion            |     1 |     1 |     3 ||     5
